Map: Ephemeron LE

Players

xSaintApocx - Winner!

  • Race: Terran Terran
  • League: Silver
  • Spawn Location: 11:00

Joshakazam

  • Race: Zerg Zerg
  • League: Silver
  • Spawn Location: 5:00

VOD

Have the link to the VOD?

Description

Time

  • Played on: Dec. 2, 2019, 4:20 a.m.
  • Length: 22:08
Show
View Real Time Build Order
Export as new Build Order

xSaintApocx Terran - Winner!

Build Orders:  

Get SALT Encoding   

  12  0:01  SCV  
  13  0:13  SCV  
  14  0:22  Supply Depot  
  14  0:28  SCV  
  15  0:43  SCV  
  15  0:45  Barracks  
  16  0:56  Supply Depot, SCV  
  17  1:08  SCV  
  18  1:14  Refinery  
  18  1:20  SCV  
  19  1:25  Refinery  
  19  1:32  SCV  
  20  1:44  SCV, Marine  
  22  1:56  SCV  
  23  2:01  Marine  
  23  2:06  Barracks  
  24  2:08  SCV  
  24  2:11  Barracks  
  25  2:19  Marine  
  25  2:20  SCV  
  27  2:36  Orbital Command  
  27  2:37  Marine  
  28  2:45  Engineering Bay  
  28  2:55  Marine  
  29  3:03  Command Center  
  29  3:07  Marine  
  29  3:08  Marine  
  31  3:15  Missile Turret  
  31  3:48  Factory, Barracks Tech Lab x2  
  31  3:49  Barracks Tech Lab  
  31  3:52  Terran Infantry Weapons Level 1  
  31  3:57  Engineering Bay  
  31  4:15  SCV  
  32  4:26  Combat Shield  
  32  4:27  Stimpack, SCV  
  32  4:28  Concussive Shells  
  33  4:39  SCV  
  33  4:40  Planetary Fortress  
  34  4:56  Missile Turret  
  34  4:59  Missile Turret, Refinery  
  34  5:04  SCV  
  35  5:12  Marauder  
  37  5:16  Marauder  
  37  5:17  SCV  
  37  5:18  Refinery  
  37  5:20  Marauder  
  42  5:25  Terran Infantry Armor Level 1  
  42  5:29  SCV  
  42  5:32  SCV  
  44  5:38  Marauder  
  46  5:52  Supply Depot  
  46  5:55  Supply Depot  
  46  5:58  Supply Depot  
  46  6:01  Supply Depot  
  46  6:06  Supply Depot  
  46  6:10  Supply Depot  
  46  6:13  Supply Depot, SCV x2  
  46  6:16  Factory Tech Lab  
  48  6:25  SCV x2  
  48  6:26  Armory  
  48  6:30  Armory  
  50  6:38  SCV x2  
  52  6:48  Marauder  
  52  6:49  Marauder x2  
  52  6:50  SCV x2  
  60  7:02  SCV x2  
  55  7:09  Marine x2  
  55  7:10  Marine  
  55  7:14  SCV  
  57  7:26  Thor  
  63  7:36  Starport  
  63  7:40  Starport, Terran Vehicle And Ship Armor Level 1, Terran Ship Weapons Level 1  
  63  7:41  Starport  
  63  7:49  Terran Infantry Armor Level 2  
  63  8:06  Terran Infantry Weapons Level 2  
  63  8:09  Cyclone  
  66  8:16  Marine x3  
  69  8:25  Supply Depot  
  69  8:28  Supply Depot  
  69  8:34  Medivac, Marine x3  
  70  8:35  Medivac  
  70  8:40  Medivac  
  70  8:41  Siege Tank  
  81  8:51  Marine  
  81  8:52  Marine x2  
  84  8:58  Fusion Core  
  84  9:09  Marine x3  
  87  9:27  Marine x3  
  90  9:45  Command Center, Marauder  
  94  9:46  Marauder x2  
  94  9:47  Refinery  
  94  9:48  Refinery  
  94  9:49  Missile Turret  
  96  9:55  Medivac  
  96  9:57  Medivac  
  100  10:03  Medivac  
  106  10:07  Marauder x3  
  106  10:13  Missile Turret  
  110  10:28  Marauder  
  110  10:29  SCV  
  111  10:41  SCV  
  112  10:48  Terran Vehicle And Ship Armor Level 2, Terran Ship Weapons Level 2  
  112  10:51  Terran Infantry Armor Level 3, Terran Infantry Weapons Level 3  
  112  10:53  SCV  
  113  11:03  Weapon Refit  
  80  12:04  Battlecruiser x2  
  92  12:12  Planetary Fortress  
  92  12:45  Battlecruiser  
  98  13:05  Supply Depot x2  
  98  13:06  Supply Depot x2  
  98  13:07  Supply Depot  
  98  13:08  Supply Depot, SCV  
  98  13:10  SCV  
  100  13:18  Battlecruiser x2  
  112  13:20  SCV, Marine  
  112  13:21  Marine x2  
  112  13:22  SCV  
  117  13:32  SCV  
  117  13:34  SCV  
  119  13:37  Thor  
  119  13:38  Marine  
  119  13:39  Marine x2  
  128  13:44  SCV  
  128  13:46  SCV  
  130  13:56  SCV, Marine x2  
  130  13:57  Marine  
  130  13:58  SCV  
  130  14:01  Command Center  
  135  14:14  Marine x3  
  138  14:20  Siege Tank  
  141  14:27  Hi-Sec Auto Tracking  
  141  14:30  Terran Ship Weapons Level 3, Terran Vehicle And Ship Armor Level 3  
  141  14:32  Marine x3  
  144  14:47  Rapid Reignition System  
  144  14:51  Battlecruiser  
  144  14:52  Cyclone  
  153  14:57  Battlecruiser  
  147  15:15  Missile Turret  
  147  15:23  Planetary Fortress  
  140  15:38  Missile Turret  
  118  15:59  Refinery  
  112  16:14  Battlecruiser x3  
  130  16:24  Refinery  
  130  16:29  SCV  
  131  16:39  Supply Depot x2  
  131  16:40  Supply Depot x3  
  131  16:42  Supply Depot, SCV  
  132  17:18  Battlecruiser x2  
  144  17:39  Battlecruiser  
  150  17:52  Barracks Reactor x3  
  150  17:57  Command Center  
  150  18:22  Battlecruiser  
  150  18:26  Battlecruiser  
  162  18:29  Marine  
  162  18:30  Marine x5  
  168  18:34  Missile Turret  
  168  18:39  Missile Turret  
  168  18:43  Battlecruiser  
  168  18:47  Marine x4  
  168  18:48  Marine x2  
  166  19:05  Marine x5  
  157  19:10  Refinery, Marine  
  155  19:22  Marine  
  155  19:23  Marine x3  
  150  19:28  Marine  
  149  19:35  Refinery  
  149  19:46  Marine  
  149  19:50  Planetary Fortress  
  150  19:56  Battlecruiser  
  150  19:57  Battlecruiser x2  
  150  19:58  Marine  
  150  19:59  Marine x3  
  172  20:04  Marine  
  173  20:16  Marine x4  
  177  20:22  Marine  
  166  20:34  Marine x4  
  152  20:40  Marine  
  147  20:51  Marine  
  147  20:52  Marine x3  
  149  20:58  Marine  
  149  21:01  Battlecruiser x2  
  149  21:03  Battlecruiser  
  168  21:09  Marine  
  168  21:10  Marine x3  
  172  21:16  Marine  
  173  21:27  Marine  
  173  21:28  Marine x3  
  177  21:34  Marine  
  172  21:45  Marine x4  
Show
View Real Time Build Order
Export as new Build Order

Joshakazam Zerg 

Build Orders: Hatch First 

Get SALT Encoding   

  12  0:02  Drone  
  13  0:15  Overlord  
  13  0:23  Drone  
  14  0:46  Drone  
  15  0:50  Drone  
  15  0:51  Hatchery  
  15  0:56  Drone  
  16  1:00  Drone  
  17  1:15  Spawning Pool  
  17  1:18  Drone  
  17  1:22  Drone  
  18  1:35  Drone  
  18  1:38  Extractor  
  18  1:44  Drone  
  19  1:53  Overlord  
  19  2:02  Queen  
  21  2:10  Drone x2  
  23  2:17  Zergling x4  
  25  2:25  Drone x2  
  27  2:33  Spine Crawler, Queen  
  27  2:36  Drone x2  
  30  2:41  Lair  
  30  2:46  Drone  
  30  2:48  Drone  
  32  2:59  Evolution Chamber  
  32  3:05  Roach Warren  
  30  3:06  Drone x2  
  30  3:07  Drone  
  33  3:19  Overlord x2  
  33  3:21  Drone  
  33  3:22  Drone  
  35  3:37  Spore Crawler  
  34  3:46  Zerg Missile Weapons Level 1  
  34  3:52  Drone  
  34  3:53  Drone x7  
  42  3:56  Evolution Chamber  
  42  3:59  Extractor  
  42  4:01  Queen  
  42  4:04  Extractor  
  42  4:08  Queen  
  43  4:19  Drone x2  
  43  4:20  Drone  
  43  4:21  Drone x3  
  43  4:22  Drone  
  50  4:24  Drone  
  50  4:26  Drone  
  50  4:29  Overlord  
  52  4:33  Overlord  
  52  4:36  Overlord  
  52  5:09  Spore Crawler  
  51  5:32  Roach  
  51  5:33  Roach x11  
  75  5:39  Overlord  
  75  5:40  Overlord  
  75  6:11  Zerg Missile Weapons Level 2  
  75  6:12  Zerg Ground Armor Level 1  
  75  6:13  Glial Reconstitution  
  75  6:15  Hatchery  
  74  6:20  Roach x4  
  74  6:21  Roach x5  
  74  6:25  Hydralisk Den  
  91  6:36  Overseer  
  91  6:44  Overlord  
  91  6:45  Overlord x2  
  91  6:55  Extractor, Grooved Spines  
  64  7:21  Drone x5  
  64  7:22  Drone x7  
  76  7:40  Drone x2  
  76  7:41  Drone  
  79  7:52  Extractor  
  79  7:54  Extractor  
  77  8:22  Roach x14  
  77  8:23  Roach x2  
  109  8:39  Drone x5  
  114  8:42  Drone  
  114  8:43  Drone x2  
  117  9:28  Drone  
  117  9:29  Drone x4  
  122  9:31  Hatchery  
  122  9:32  Overlord  
  122  9:33  Overlord x3  
  121  9:55  Hydralisk  
  121  9:56  Hydralisk x13  
  121  9:59  Overlord  
  149  10:08  Hydralisk x2  
  149  10:12  Overlord x2  
  153  10:27  Overlord  
  153  10:28  Overlord x2  
  153  10:31  Hydralisk x7  
  153  10:32  Hydralisk x2  
  171  10:44  Infestation Pit  
  171  10:46  Spire  
  169  10:57  Drone  
  169  10:58  Drone x9  
  179  11:05  Hydralisk  
  157  11:33  Hive  
  157  11:39  Roach x13  
  155  11:40  Roach x2  
  155  11:46  Queen  
  113  11:59  Roach x8  
  129  12:11  Hydralisk  
  129  12:12  Hydralisk x3  
  129  12:13  Hydralisk  
  129  12:14  Hydralisk x6  
  151  12:33  Hydralisk x9  
  169  12:54  Spine Crawler  
  169  12:55  Spine Crawler  
  169  12:56  Drone x4  
  169  12:57  Spore Crawler  
  170  13:01  Spore Crawler  
  170  13:05  Extractor x2  
  167  13:18  Greater Spire  
  167  13:20  Corruptor x4  
  167  13:21  Corruptor x4  
  167  13:25  Hydralisk  
  167  13:26  Hydralisk x7  
  199  13:33  Zerg Ground Armor Level 2  
  199  13:35  Zerg Missile Weapons Level 3  
  199  13:38  Muscular Augments  
  199  13:41  Lair  
  199  14:06  Hatchery, Drone  
  199  14:07  Drone  
  200  14:58  Brood Lord x3  
  200  14:59  Brood Lord x2  
  200  15:00  Brood Lord x2  
  200  15:01  Brood Lord  
  176  15:13  Roach x12  
  176  15:14  Roach x3  
  170  15:39  Roach x4  
  170  15:40  Roach x19  
  172  15:50  Hydralisk x3  
  162  16:27  Corruptor x4  
  162  16:28  Corruptor x8  
  186  17:05  Extractor x2  
  186  17:07  Brood Lord x2  
  186  17:08  Brood Lord x2  
  190  17:09  Brood Lord  
  190  17:12  Corruptor  
  196  17:33  Corruptor x2  
  174  19:08  Corruptor  
  174  19:09  Corruptor x20  
  146  19:30  Hydralisk x9  
  148  19:53  Hydralisk x8  
  148  19:59  Hatchery  
  93  20:43  Corruptor x7  
  97  21:04  Corruptor  
  97  21:05  Corruptor x2  
Tags
 
Matchup
TvZ
Spawn Locations
Cross Positions
Add a new tag
Caveats
  • Supply blocks, unpowered buildings, or Contaminate may cause inaccurate times.
  • Supply counts are checked every 10 seconds.